 Dungeon Crawl Stone Soup version 0.22-a0-800-g058c00f (webtiles) character file.

88 pox the Skirmisher (level 4, -1/41 HPs)
             Began as a Hill Orc Fighter on July 21, 2018.
             Slain by a gnoll
             ... wielding a +0 club
              (4 damage)
             ... on level 2 of the Dungeon on July 22, 2018.
             The game lasted 00:08:19 (1406 turns).

pox the Skirmisher (Hill Orc Fighter)               Turns: 1406, Time: 00:08:21

Health: -1/41      AC:  6    Str: 24    XL:     4   Next: 54%
Magic:  4/4        EV:  7    Int:  8    God:
Gold:   44         SH:  9    Dex: 10    Spells: 3/3 levels left

rFire    . . .     SeeInvis .   a - +0 long sword
rCold    . . .     Gourm    .   c - +0 shield
rNeg     . . .     Faith    .   b - +0 scale mail
rPois    .         Spirit   .   (no helmet)
rElec    .         Reflect  .   (no cloak)
rCorr    .         Harm     .   (no gloves)
MR       .....                  (no boots)
Stlth    ..........             (no amulet)
HPRegen  0.13/turn              (no ring)
MPRegen  0.09/turn              (no ring)

@: mighty
A: no striking features
a: no special abilities


You were on level 2 of the Dungeon.
You were not hungry.

You visited 1 branch of the dungeon, and saw 2 of its levels.

You collected 44 gold pieces.

Inventory:

Hand Weapons
 a - a +0 long sword (weapon)
 l - a +0 hunting sling
 r - a +0 dagger of venom
Missiles
 e - 33 arrows
 j - 68 sling bullets
 n - 36 bolts
 o - a poisoned needle
Armour
 b - a +0 scale mail (worn)
 c - a +0 shield (worn)
Scrolls
 g - 2 scrolls of identify {unknown}
 k - a scroll of random uselessness {unknown}
 q - a scroll of remove curse {unknown}
Potions
 h - 2 potions of flight {unknown}
 i - a potion of curing {unknown}
 p - a potion of mutation {unknown}
Comestibles
 f - 3 rations
 m - 4 chunks of flesh


   Skills:
 + Level 4.6 Fighting
 * Level 4.2 Long Blades
 - Level 3.3 Armour
 - Level 3.3 Shields


You had 3 spell levels left.
You didn't know any spells.
Your spell library was empty.

Dungeon Overview and Level Annotations

Branches:
Dungeon (2/15)

Altars:

Annotations:
D:2 1 runed door


Message History

The gnoll is moderately wounded.
You block the gnoll's attack. The gnoll closely misses you.
Your shield and scale mail prevent you from hitting the gnoll.
The gnoll is moderately wounded.
The gnoll hits you from afar with a spear.
The gnoll hits you with a club.
* * * LOW HITPOINT WARNING * * *
The gnoll barely misses you.
You slash the gnoll!
The gnoll is severely wounded.
The gnoll hits you with a club.
* * * LOW HITPOINT WARNING * * *
The gnoll barely misses you.
You closely miss the gnoll.
The gnoll is severely wounded.
You block the gnoll's attack.
The gnoll hits you from afar with a spear.
* * * LOW HITPOINT WARNING * * *
The gnoll hits you with a club.
You die...

#.##.........# #.......♣
###.#.....(....# #...##♣♣♣
#.....#####....########...#
#####.#
#...............##### #.#
#.....#######........ #.#
#.#...##.#......#+### #.#
#.#.#....##.#.....# #.#
#.#.####....#.#.##### #.#
#.#.@gg.#####..<..... #.#
#.####......######### #.#
#.# #....### #.#####.#
#....# #.....#.# #....#
######.#.# #....#
#...[).#.# +....#
#.###..#.# ....# #.# #..#.#


You could see 2 gnolls.

Vanquished Creatures
  Jessica (D:2)
  2 gnolls (D:2)
  A worm (D:2)
  2 dart slugs
  8 bats (D:1)
  4 goblins
  5 hobgoblins (D:1)
  5 jackals (D:1)
  A ball python (D:1)
  3 frilled lizards (D:1)
  3 kobolds (D:1)
35 creatures vanquished.

Notes
Turn   | Place    | Note
-------+----------+-------------------------------------------
     0 | D:1      | pox the Hill Orc Fighter began the quest for the Orb.
     0 | D:1      | Reached XP level 1. HP: 19/19 MP: 1/1
   200 | D:1      | Reached XP level 2. HP: 23/27 MP: 2/2
   722 | D:1      | Reached XP level 3. HP: 31/33 MP: 3/3
  1180 | D:2      | Found a runed door.
  1312 | D:2      | Noticed Jessica
  1317 | D:2      | Killed Jessica
  1317 | D:2      | Reached XP level 4. HP: 40/41 MP: 4/4
  1406 | D:2      | Slain by a gnoll

Vault maps used:
D:1:      dpeg_arrival_rooms_with_view, st_stairs_4
D:2:      yredelemnul_forgotten_temple_becter, uniq_jessica,
          uniq_crazy_yiuf_cottage

Skill      XL: |  1  2  3 |
---------------+----------+-----
Fighting       | 4 |  4.6
Long Blades    | 3 4 |  4.2
Armour         | |  3.3
Shields        | |  3.3

Action                   |  1- 3 |  4- 6 || total
-------------------------+-------+-------++-------
Melee: Long sword        |   115 |    19 ||   134
  Use: Potion            |       |     1 ||     1
  Eat: Chunk             |     1 |     1 ||     2
Armor: Scale mail        |    49 |     5 ||    54
Dodge: Dodged            |    31 |    10 ||    41
Block: Shield            |    76 |    12 ||    88
       Rpst.: Long sword |    10 |       ||    10

Table legend:
 A = Spawn XP
 B = Non-spawn XP
 C = Spawn XP percentage of total XP
 D = Spawn monster count
 E = Non-spawn monster count
 F = Spawn count percentage of total count
 G = Total turns spent on level
                    A         B        C        D         E        F      G
               +---------+---------+-------+---------+---------+-------+---------
         Total |       0 |     127 |   0.0 |       0 |      35 |   0.0 |  1406
               +---------+---------+-------+---------+---------+-------+---------
           D:1 |       0 |      51 |   0.0 |       0 |      29 |   0.0 |  1158
           D:2 |       0 |      76 |   0.0 |       0 |       6 |   0.0 |   248
               +---------+---------+-------+---------+---------+-------+---------
